 Dungeon Crawl Stone Soup version 0.30.0-29-ga12c61a403 (webtiles) character file.

Game seed: 17059196550574189977

2 7w4c the Trooper (level 1, 0/20 HPs)
             Began as a Hill Orc Fighter on June 14, 2023.
             Slain by a giant cockroach (1 damage)
             ... on level 1 of the Dungeon.
             The game lasted 00:00:40 (85 turns).

7w4c the Trooper (Hill Orc Fighter)                   Turns: 85, Time: 00:00:42

Health: 0/20       AC:  6    Str: 18    XL:     1   Next: 30%
Magic:  1/1        EV:  9    Int:  8    God:
Gold:   0          SH:  4    Dex: 10    Spells: 0/0 levels left

rFire   . . .        a - +0 long sword
rCold   . . .        c - +0 buckler
rNeg    . . .        b - +0 scale mail
rPois   .            (no helmet)
rElec   .            (no cloak)
rCorr   .            (no gloves)
SInv    .            (no boots)
Will    .....        (no amulet) Stlth
                     (no ring)
HPRegen 0.23/turn    (no ring)
MPRegen 0.07/turn

%: no passive effects
@: mighty
A: no striking features
a: no special abilities


You were on level 1 of the Dungeon.
You visited 1 branch of the dungeon, and saw 1 of its levels.

Inventory:

Hand Weapons
 a - a +0 long sword (weapon)
Armour
 b - a +0 scale mail (worn)
 c - a +0 buckler (worn)


   Skills:
 + Level 3.7 Fighting
 + Level 2.2 Long Blades
 + Level 3.3 Armour
 + Level 3.3 Shields


You couldn't memorise any spells.
You didn't know any spells.
Your spell library was empty.

Dungeon Overview and Level Annotations

Branches:
Dungeon (1/15)

Altars:


Message History

The quokka attacks as you move away! The quokka barely misses you.
The quokka bites you but does no damage.
The kobold hits you but does no damage.
You closely miss the quokka. The quokka barely misses you. x2
You block the kobold's attack. The quokka bites you.
* * * LOW HITPOINT WARNING * * *
The quokka bites you but does no damage.
The giant cockroach bites you but does no damage.
You hit the quokka.
The quokka is lightly wounded.
The quokka barely misses you. The quokka misses you.
The giant cockroach barely misses you. You block the kobold's attack.
The quokka barely misses you. The quokka closely misses you.
The kobold closely misses you. You block the giant cockroach's attack.
The rat twitches its whiskers.
You closely miss the quokka.
The quokka is lightly wounded.
You block the quokka's attack. The quokka completely misses you.
You block the giant cockroach's attack. The kobold barely misses you.
You closely miss the quokka.
The quokka is lightly wounded.
The quokka closely misses you. x2
The giant cockroach bites you but does no damage.
The kobold hits you but does no damage. The quokka closely misses you.
The quokka bites you but does no damage.
You block the giant cockroach's attack.
You miss the quokka.
The quokka is lightly wounded.
You block the quokka's attack. The kobold hits you but does no damage.
The quokka closely misses you. The giant cockroach misses you.
The quokka bites you.
* * * LOW HITPOINT WARNING * * *
The quokka barely misses you. The kobold barely misses you.
You feel very mighty all of a sudden.
The giant cockroach bites you but does no damage.
The quokka bites you.
* * * LOW HITPOINT WARNING * * *
The quokka bites you but does no damage.
The giant cockroach bites you.
You die...

##.......†..##
.............## ###
########......## ....
.......##......###
...
........#........##.#
........#.....##....#
.......##.....#...###
##############.B.##
##≈.≈## #Kr@####
##+## #.#rKJ.#
##...## #..Kr..#
#..>..# .##..#...#
'..<..+ ....#.. .#...
#.....# ....#..
..#.... ##...##
.#..#.. ......# ##+##
....#.. ##. ... #..
#.. .. ..


You could see an endoplasm, 2 quokkas, a giant cockroach, 3 kobolds and a rat.

Vanquished Creatures
  A hobgoblin (D:1)
  A frilled lizard (D:1)
2 creatures vanquished.

Notes
Turn   | Place    | Note
-------+----------+-------------------------------------------
     0 | D:1      | 7w4c the Hill Orc Fighter began the quest for the Orb.
     0 | D:1      | Reached XP level 1. HP: 19/19 MP: 1/1
    85 | D:1      | HP: 1/20 [quokka (2)]
    85 | D:1      | Slain by a giant cockroach

Illustrated notes

Levels and vault maps discovered:
D:1:      shiori_arrival_elements, layout_rooms, minmay_worlds_worst_comb

Action                     || total
---------------------------++-------
  Melee: Long sword        ||    15
    Use: Potion            ||     1
 Armour: Scale mail        ||    23
  Dodge: Dodged            ||    24
  Block: Buckler           ||    10
